 Dungeon Crawl Stone Soup version 0.24-a0-459-g225fefd530 (webtiles) character file.

Game seed: 17187795067876887804

60 Gargoyl the Skirmisher (level 3, -4/31 HPs)
             Began as a Centaur Abyssal Knight on June 28, 2019.
             Was a Believer of Lugonu.
             Slain by a killer bee zombie (5 damage)
             ... on level 2 of the Dungeon.
             The game lasted 00:03:09 (1722 turns).

Gargoyl the Skirmisher (Centaur Abyssal Knight)     Turns: 1722, Time: 00:03:10

Health: -4/31      AC:  5    Str: 14    XL:     3   Next: 82%
Magic:  4/4        EV:  9    Int: 11    God:    Lugonu [**....]
Gold:   109        SH:  0    Dex:  9    Spells: 2/2 levels left

rFire    . . .     SeeInvis .   a - +1 hand axe
rCold    . . .     Gourm    .   (no shield)
rNeg     . . .     Faith    .   b - +0 leather armour
rPois    .         Spirit   .   (no helmet)
rElec    .         Reflect  .   (no cloak)
rCorr    .         Harm     .   d - +0 pair of gloves (curse)
MR       .....                  (no barding)
Stlth    ..........             (no amulet)
HPRegen  0.10/turn              e - ring of flight
MPRegen  0.09/turn              (no ring)

@: very quick
A: large, hooves 3, deformed body, speed 2, tough skin 3
a: Depart the Abyss, Bend Space, Renounce Religion, Evoke Flight


You were on level 2 of the Dungeon.
You worshipped Lugonu.
Lugonu was pleased with you.
You were hungry.

You visited 1 branch of the dungeon, and saw 2 of its levels.
You visited the Abyss 1 time.

You collected 109 gold pieces.

Inventory:

Hand Weapons
 a - a +1 hand axe (weapon)
Missiles
 h - 4 javelins (quivered)
Armour
 b - a +0 leather armour (worn)
 d - a cursed +0 pair of gloves (worn)
Jewellery
 e - a ring of flight (left hand)
Scrolls
 f - 3 scrolls of remove curse
 g - a scroll of blinking {unknown}
 j - 2 scrolls of identify
 l - a scroll of magic mapping {unknown}
 m - a scroll of amnesia {unknown}
Potions
 i - a potion of haste
 k - a potion of flight {unknown}
Comestibles
 c - 3 rations


   Skills:
 + Level 3.2 Fighting
 + Level 2.3 Axes
 * Level 1.7 Armour
 * Level 1.5 Dodging
 * Level 2.6 Invocations


You had 2 spell levels left.
You didn't know any spells.
Your spell library was empty.

Dungeon Overview and Level Annotations

Branches:
Dungeon (2/15)

Altars:
Xom
Zin


Innate Abilities, Weirdness & Mutations

You have hooves in place of feet.
Armour fits poorly on your strangely shaped body.
You cover ground very quickly.
You have extremely tough skin. (AC +3)


Message History

The killer bee zombie is lightly damaged.
The killer bee zombie barely misses you.
The killer bee zombie hits you but does no damage.
The killer bee zombie barely misses you.
You hit the killer bee zombie.
The killer bee zombie is moderately damaged.
The killer bee zombie barely misses you. x2
You closely miss the killer bee zombie.
The killer bee zombie is moderately damaged.
The killer bee zombie hits you. x2
You hit the killer bee zombie.
The killer bee zombie is heavily damaged.
The killer bee zombie hits you!
* * * LOW HITPOINT WARNING * * *
The killer bee zombie hits you.
* * * LOW HITPOINT WARNING * * *
You slash the killer bee zombie!
The killer bee zombie is severely damaged.
The killer bee zombie hits you.
You die...

####### .>..?..
....... #
....... #
....... #
....... ########
......Z###
#.......
.......@.#
#####.######
##.#####.#
##.....# #
#.###..##### #
####.##..######
#
#.............#
#[.##...######.#
.... ##..# #.#
..# #..## #.## .
#..## #..#####


You could see a killer bee zombie.

Vanquished Creatures
  An adder (D:2)
  A worm (D:1)
  2 dart slugs (D:2)
  A leopard gecko (D:2)
  5 giant cockroaches
  3 goblins (D:2)
  2 hobgoblins (D:2)
  3 jackals (D:2)
  10 bats
  4 frilled lizards
  A jackal zombie (D:2)
  6 kobolds
  3 rats
42 creatures vanquished.

Vanquished Creatures (others)
  A rat (D:2)
1 creature vanquished.

Grand Total: 43 creatures vanquished

Notes
Turn   | Place    | Note
-------+----------+-------------------------------------------
     0 | Abyss:1  | Gargoyl the Centaur Abyssal Knight began the quest for the
                  | Orb.
     0 | Abyss:1  | Reached XP level 1. HP: 19/19 MP: 2/2
     3 | Abyss:1  | Found a corrupted altar of Lugonu.
    50 | Abyss:1  | Noticed an earth elemental
   253 | Abyss:1  | Noticed an insubstantial wisp
   262 | Abyss:1  | Noticed an ancient zyme
   266 | Abyss:1  | Noticed a ynoxinul
   286 | Abyss:2  | Found a corrupted altar of Lugonu.
   329 | Abyss:2  | Noticed a wretched star
   330 | D:1      | Escaped the Abyss
   701 | D:1      | Reached * piety under Lugonu
   787 | D:1      | Reached XP level 2. HP: 22/26 MP: 3/3
  1076 | D:1      | Reached skill level 1 in Dodging
  1097 | D:2      | Reached XP level 3. HP: 16/31 MP: 4/4
  1289 | D:2      | Found a shimmering altar of Xom.
  1289 | D:2      | Found a glowing silver altar of Zin.
  1289 | D:2      | Noticed an angel
  1583 | D:2      | Reached ** piety under Lugonu
  1721 | D:2      | HP: 1/31 [killer bee zombie (2)]
  1722 | D:2      | Slain by a killer bee zombie

Levels and vault maps discovered:
D:1:      saegor_arrival_simple_a, layout_rooms, minmay_tree_intersection
D:2:      layout_rooms, grunt_temple_overflow_order_and_chaos_1

Skill      XL: |  1  2 |
---------------+-------+-----
Axes           | 2 |  2.3
Dodging        | 1 |  1.5
Fighting       | |  3.2
Armour         | |  1.7
Invocations    | |  2.6

Action                   || total
-------------------------++-------
Melee: Hand axe          ||   146
       Kick              ||    17
Invok: Depart the Abyss  ||     1
  Use: Scroll            ||     5
       Potion            ||     1
  Eat: Chunk             ||     1
Armor: Leather armour    ||   124
Dodge: Dodged            ||   118

Table legend:
 A = Non-vault XP
 B = Vault XP
 C = Vault XP percentage of total XP
 D = Non-vault monster count
 E = Vault monster count
 F = Vault count percentage of total count
                 A         B        C        D         E       F
            +---------+---------+-------+---------+---------+-------
      Total |      87 |       0 |   0.0 |      42 |       0 |   0.0
            +---------+---------+-------+---------+---------+-------
        D:1 |      29 |       0 |   0.0 |      18 |       0 |   0.0
        D:2 |      58 |       0 |   0.0 |      24 |       0 |   0.0
            +---------+---------+-------+---------+---------+-------
